 Dungeon Crawl Stone Soup version 0.30-a0-576-g89cddaab80 (webtiles) character file.

Game seed: 7562881381028333796

109 cforsyth the Ruffian (level 4, -7/41 HPs)
             Began as a Ghoul Monk on Dec 31, 2022.
             Mangled by Menkaure (19 damage)
             ... on level 4 of the Dungeon.
             The game lasted 00:02:43 (2174 turns).

cforsyth the Ruffian (Ghoul Monk)                   Turns: 2174, Time: 00:02:44

Health: -7/41      AC:  7    Str: 16    XL:     4   Next: 89%
Magic:  3/3        EV: 10    Int:  5    God:
Gold:   122        SH:  0    Dex: 17    Spells: 3/3 levels left

rFire   . . .      SeeInvis .      - Unarmed
rCold   + . .      Faith    .    (no shield)
rNeg    + + +      Spirit   .    t - +0 scale mail
rPois   ∞          Reflect  .    f - +0 helmet
rElec   .          Harm     .    (no cloak)
rCorr   +          Rampage  .    (no gloves)
Will    .....                    (no boots)
Stlth   +                        (no amulet)
HPRegen 0.00/turn                i - +6 ring of dexterity
MPRegen 0.08/turn                c - ring of resist corrosion

@: inhibited regen
A: claws 1, cold resistance 1, negative energy resistance 3, inhibited
regeneration, torment resistance 2, devour on kill
a: no special abilities


You were on level 4 of the Dungeon.
You visited 1 branch of the dungeon, and saw 4 of its levels.

You collected 122 gold pieces.

Inventory:

Armour
 a - a +0 robe
 f - a +0 helmet (worn)
 t - a +0 scale mail (worn)
Jewellery
 c - a ring of resist corrosion (right claw)
 i - a +6 ring of dexterity (left claw)
 j - a ring of protection from cold
Wands
 p - a wand of flame (5)
Scrolls
 h - a scroll of identify {unknown}
 k - a scroll of butterflies {unknown}
 q - a scroll of fear {unknown}
 r - a scroll of fog {unknown}
 s - a scroll of teleportation {unknown}
 u - a scroll of torment {unknown}
Potions
 b - a potion of ambrosia
 d - 4 potions of curing {unknown}
 e - 2 potions of resistance {unknown}
 g - a potion of haste {unknown}
 l - a potion of heal wounds {unknown}
 m - a potion of brilliance {unknown}
 n - a potion of might {unknown}
 o - a potion of mutation {unknown}


   Skills:
 + Level 4.8 Fighting
 - Level 2.6 Dodging
 - Level 2.1 Stealth
 + Level 4.8 Unarmed Combat


You had 3 spell levels left.
You didn't know any spells.
Your spell library contained the following spells:

 Spells                   Type           Power      Damage    Failure   Level
 Magic Dart               Conj           0%         1d3       90%         1
 Sting                    Tmut/Pois      0%         1d3       90%         1
 Poisonous Vapours        Pois/Air       0%         N/A       97%         2
 Searing Ray              Conj           0%         2d4       97%         2
 Gell's Gravitas          Tloc           0%         N/A       99%         3
 Lesser Beckoning         Tloc           0%         N/A       99%         3
 Teleport Other           Tloc           0%         N/A       99%         3
 Fulminant Prism          Conj/Hex       0%         3d5       100%        4
 Olgreb's Toxic Radiance  Pois           0%         N/A       100%        4


Dungeon Overview and Level Annotations

Branches:
Dungeon (4/15)
 Temple: D:4-7

Altars:
Ashenzari
Yredelemnul

Shops:
D:3 (

Annotations:
D:4 Menkaure


Innate Abilities, Weirdness & Mutations

You are immune to poison.
You have sharp fingernails.
Your flesh is cold resistant. (rC+)
You are immune to negative energy. (rN+++)
You do not regenerate when monsters are visible.
You are immune to unholy pain and torment.
You thrive by killing the living.


Message History

Found a stone staircase leading down.
An endoplasm comes into view.
Found a scroll labelled DIEPIH RUKE.
The endoplasm quivers.
An endoplasm is nearby!
An endoplasm is nearby!
An endoplasm is nearby!
An endoplasm is nearby!
Found 2 cyan potions.
The endoplasm barely misses you.
You claw the endoplasm!
You kill the endoplasm!
No target in view!
No target in view!
No target in view!
No target in view!
Okay, then.
u - a scroll labelled DIEPIH RUKE Menkaure, Prince of Dust comes into view.
Menkaure shouts!
Menkaure is nearby!
Menkaure is nearby!
Menkaure is nearby!
You barely miss Menkaure. Menkaure hits you!
You closely miss Menkaure.
A hobgoblin comes into view.
Menkaure hits you.
You scratch Menkaure.
Menkaure is lightly damaged.
Menkaure hits you!
You are too injured to fight recklessly!
You are too injured to fight recklessly!
You are too injured to fight recklessly!
You are too injured to fight recklessly!
You are too injured to fight recklessly!
Menkaure hits you.
* * * LOW HITPOINT WARNING * * *
You scratch Menkaure. You claw Menkaure.
Menkaure is heavily damaged.
Menkaure hits you!!
You die...

.!..........#
............#
............#
............#
............# .
.###g.......#
.. #........#
#.####.M.....#
#......@.....#
...#..........#
#.>.........#
.....##.......#
.....
####..#####
....
##......<## .
##.........##
#....<...<..#
#...........#


You could see Menkaure and a hobgoblin.

Vanquished Creatures
  4 adders
  2 worms (D:2)
  3 dart slugs
  An orc (D:3)
  7 ball pythons
  6 bats
  8 endoplasms
  3 giant cockroaches
  5 goblins
  3 hobgoblins (D:2)
  A quokka (D:2)
  5 frilled lizards
  6 kobolds
  6 rats
60 creatures vanquished.

Vanquished Creatures (others)
  2 plants (D:3)
2 creatures vanquished.

Grand Total: 62 creatures vanquished

Notes
Turn   | Place    | Note
-------+----------+-------------------------------------------
     0 | D:1      | cforsyth the Ghoul Monk began the quest for the Orb.
     0 | D:1      | Reached XP level 1. HP: 19/19 MP: 0/0
   139 | D:1      | Reached XP level 2. HP: 26/26 MP: 1/1
   772 | D:1      | Reached XP level 3. HP: 33/33 MP: 2/2
   868 | D:2      | You fall into a shaft and drop 1 floor!
   881 | D:3      | Found a basalt altar of Yredelemnul.
   893 | D:3      | Found a broken altar of Ashenzari.
  1120 | D:2      | Reached XP level 4. HP: 40/41 MP: 3/3
  1817 | D:3      | Found Menounoxt's Weapon Shop.
  2161 | D:4      | Noticed Menkaure
  2174 | D:4      | Mangled by Menkaure

Illustrated notes

Levels and vault maps discovered:
D:1:      minmay_arrival_open_corners, layout_basic
D:2:      layout_rooms, serial_corexii_hall, chequers_hall_statues_corner_a,
          chequers_hall_statues_y, basic_altar, minivault_19, grunt_ministairs_4
D:3:      layout_loops_cross, mainiacjoe_overflow_catch_the_wave, serial_shops,
          nicolae_shop_crystal, minmay_quantized
D:4:      layout_rooms, led_sif_pool, serial_shops, shop, nicolae_titane,
          uniq_edmund, uniq_ijyb, uniq_menkaure

Skill      XL: |  1  2 |
---------------+-------+-----
Fighting       | 4 |  4.8
Unarmed Combat | 4 |  4.8
Dodging        | |  2.6
Stealth        | |  2.1

Action                   |  1- 3 |  4- 6 || total
-------------------------+-------+-------++-------
Melee: Unarmed           |    82 |    63 ||   145
       Punch             |     2 |     3 ||     5
 Stab: Sleeping          |     4 |     5 ||     9
Armor: Robe              |    19 |     5 ||    24
Dodge: Dodged            |    44 |    26 ||    70

Table legend: (Time is in decaauts)
 A = Elapsed time spent in this place.
 B = Non-inter-level travel time spent in this place.
 C = Inter-level travel time spent in this place.
 D = Time resting spent in this place.
 E = Time spent auto-exploring this place.
 F = Levels seen in this place.
 G = Mean time per level.
                   A        B        C        D        E       F      G
               +--------+--------+--------+--------+--------+-----+--------+
         Total |   2160 |   2054 |    106 |      0 |   1651 |   4 |  540.0 |
       Dungeon |   2160 |   2054 |    106 |      0 |   1651 |   4 |  540.0 |
               +--------+--------+--------+--------+--------+-----+--------+

Top non-repeatable levels by time:
     D:1: 792 daAuts
     D:3: 736 daAuts
     D:2: 601 daAuts
     D:4: 30 daAuts
